 Dungeon Crawl Stone Soup version 0.17-a0-2093-gc772f4b (webtiles) character file.

40 ololoev the Skirmisher (level 3, 8/29 HPs)
             Began as a Demonspawn Fighter on Oct 16, 2015.
             Quit the game on level 2 of the Dungeon.
             The game lasted 00:02:35 (455 turns).

ololoev the Skirmisher (Demonspawn Fighter)          Turns: 455, Time: 00:02:35

Health: 8/29       AC:  6    Str: 17    XL:     3   Next: 30%
Magic:  3/3        EV:  6    Int:  9    God:
Gold:   18         SH:  8    Dex: 12    Spells: 0 memorised, 2 levels left

rFire  . . .     SeeInvis .     a - +0 war axe
rCold  . . .     Clarity  .     b - +0 scale mail
rNeg   . . .     SustAt   .     c - +0 shield
rPois  .         Gourm    .     (no helmet)
rElec  .         Spirit   +     (no cloak)
rCorr  .         Warding  .     (no gloves)
rMut   .         Rnd*Tele +     (no boots)
MR     .....                    (no amulet)
Stlth  ..........               (no ring)
                                f - ring of teleportation (curse)

@: not resistant to hostile enchantments, extremely unstealthy
A: magic shield, magic regeneration
a: Evoke Teleportation


Innate Abilities, Weirdness & Mutations

When hurt, damage is shared between your health and your magic reserves.
You regenerate magic rapidly.

Inventory:

Hand Weapons
 a - a +0 war axe (weapon)
Armour
 b - a +0 scale mail (worn)
 c - a +0 shield (worn)
Jewellery
 f - a cursed ring of teleportation (left hand)
Scrolls
 i - a scroll of blinking {unknown}
Potions
 d - 2 potions of might
 h - a potion of magic
 j - a potion of brilliance {unknown}
Comestibles
 e - a bread ration
 g - 5 chunks of flesh


   Skills:
 + Level 3.2 Fighting
 * Level 2.8 Axes
 + Level 3.1 Armour
 - Level 2.6 Shields


You had 2 spell levels left.
You didn't know any spells.


You were on level 2 of the Dungeon.
You were not hungry.

You visited 1 branch of the dungeon, and saw 2 of its levels.

You collected 18 gold pieces. ######################## ................@....... ########################

Notes
Turn   | Place    | Note
--------------------------------------------------------------
     0 | D:1      | ololoev the Demonspawn Fighter began the quest for the Orb.
     0 | D:1      | Reached XP level 1. HP: 18/18 MP: 1/1
   181 | D:1      | Gained mutation: When hurt, damage is shared between your health and your magic reserves. [demonic ancestry]
   181 | D:1      | Reached XP level 2. HP: 22/24 MP: 2/2
   283 | D:2      | Gained mutation: You regenerate magic rapidly. [demonic ancestry]
   283 | D:2      | Reached XP level 3. HP: 21/29 MP: 3/3
   455 | D:2      | Quit the game

Dungeon Overview and Level Annotations

Branches:
Dungeon (2/15)

Altars:


Message History

You closely miss the bat. The bat barely misses you.
You block the bat's attack. The bat hits you but does no damage.
The bat hits you but does no damage. x2
You miss the bat. The bat hits you. The bat hits you but does no damage.
The bat hits you but does no damage. You block the bat's attack.
You slash the bat!
You kill the bat!
A giant newt comes into view.
You hit the giant newt.
You kill the giant newt!
Found 8 stones.
You see here 8 stones.
A giant gecko comes into view.
You closely miss the giant gecko. You block the giant gecko's attack.
You hit the giant gecko.
The giant gecko is moderately wounded.
The giant gecko bites you but does no damage. x2
You closely miss the giant gecko.
The giant gecko is moderately wounded.
You block the giant gecko's attack. x2
You miss the giant gecko.
The giant gecko is moderately wounded.
The giant gecko bites you but does no damage.
You closely miss the giant gecko.
The giant gecko is moderately wounded.
The giant gecko bites you but does no damage.
The giant gecko barely misses you.
You miss the giant gecko.
The giant gecko is moderately wounded.
You block the giant gecko's attack. x2
You closely miss the giant gecko.
The giant gecko is moderately wounded.
The giant gecko bites you. x2
You slash the giant gecko!
You kill the giant gecko!
Found a fuming purple potion.
j - a fuming purple potion Are you sure you want to abandon this character and quit the game? (Confirm with "yes".)

There were no monsters in sight!

Vanquished Creatures
  An adder (D:2)
  2 worms (D:2)
  A giant gecko (D:2)
  3 bats
  A giant cockroach (D:2)
  3 hobgoblins
  4 jackals (D:2)
  3 kobolds (D:1)
  A giant newt (D:2)
  4 rats
23 creatures vanquished.

Action                   || total
-------------------------++-------
Melee: War axe           ||    80
  Use: Scroll            ||     3
       Potion            ||     2

Vault maps used:
D:1:      lightli_arrival_boilingwater
D:2:      cheibriados_altar_1, minmay_unequal
